 Dungeon Crawl Stone Soup version 0.23-a0-650-ga4d50d4 (webtiles) character file.

138 Borgoz the Cutter (level 5, -7/33 HPs)
             Began as a Kobold Berserker on Jan 2, 2019.
             Was a Believer of Trog.
             Killed from afar by a white imp (10 damage)
             ... with a puff of frost
             ... on level 3 of the Dungeon.
             The game lasted 00:03:48 (2467 turns).

Borgoz the Cutter (Kobold Berserker)                Turns: 2467, Time: 00:03:49

Health: -7/33      AC:  2    Str: 15    XL:     5   Next: 45%
Magic:  5/5        EV: 16    Int:  8    God:    Trog [**....]
Gold:   126        SH:  0    Dex: 15    Spells: 4/4 levels left

rFire    . . .     SeeInvis .   a - +3 short sword (drain)
rCold    . . .     Gourm    .   (shield restricted)
rNeg     . . .     Faith    .   b - +0 animal skin
rPois    .         Spirit   .   (no helmet)
rElec    .         Reflect  .   (no cloak)
rCorr    .         Harm     .   (no gloves)
MR       .....                  (no boots)
Stlth    ++........             (no amulet)
HPRegen  0.11/turn              (no ring)
MPRegen  0.09/turn              (no ring)

@: no status effects
A: small, carnivore
a: Berserk, Trog's Hand, Renounce Religion


You were on level 3 of the Dungeon.
You worshipped Trog.
Trog was pleased with you.
You were completely stuffed.

You visited 1 branch of the dungeon, and saw 3 of its levels.

You collected 126 gold pieces.

Inventory:

Hand Weapons
 a - a +3 short sword of draining (weapon)
Armour
 b - a +0 animal skin (worn)
Jewellery
 j - an uncursed ring of stealth {unknown}
 q - an uncursed ring of positive energy {unknown}
Scrolls
 d - a scroll of fear {unknown}
 g - a scroll of enchant armour {unknown}
 h - 2 scrolls of identify {unknown}
 i - a scroll of remove curse {unknown}
 n - a scroll of teleportation {unknown}
 o - a scroll of amnesia {unknown}
Potions
 e - a potion of haste {unknown}
 f - a potion of lignification {unknown}
 k - 3 potions of curing {unknown}
 l - a potion of heal wounds {unknown}
 p - a potion of flight {unknown}
Comestibles
 c - 5 rations
 m - 3 chunks of flesh


   Skills:
 + Level 4.1 Fighting
 + Level 4.9 Short Blades
 + Level 2.3 Armour
 + Level 3.4 Dodging
 + Level 2.8 Stealth


You had 4 spell levels left.
You didn't know any spells.
Your spell library was empty.

Dungeon Overview and Level Annotations

Branches:
Dungeon (3/15)

Altars:
Cheibriados
Elyvilon
The Shining One

Annotations:
D:3 Borgoz's ghost, amateur KoAs


Innate Abilities, Weirdness & Mutations

You are small and have problems with some larger weapons.
You are carnivorous and can eat meat at any time.


Message History

You closely miss the quokka simulacrum.
The quokka simulacrum is severely damaged.
The white imp hits you but does no damage.
You hit Borgoz's ghost.
Borgoz's ghost is lightly damaged.
The white imp gestures at you. The puff of frost hits you!
You barely miss Borgoz's ghost.
Borgoz's ghost is lightly damaged.
Borgoz's ghost hits you. The white imp hits you.
* * * LOW HITPOINT WARNING * * *
The white imp freezes you.
* * * LOW HITPOINT WARNING * * *
You hit Borgoz's ghost but do no damage.
Borgoz's ghost is lightly damaged.
Borgoz's ghost barely misses you. Borgoz's ghost completely misses you.
The white imp gestures at you. The puff of frost hits you!
You die...

.# #####.### #..#### ##
#.#.## #.....† #..[.#
#..#### ###.#.###.<####
###########...#.(.#......
#...........#####....####
#.##.######...#...####
#.##..#######.#.###
#.###...@5......##
####.##..###W''###..#
#.......##.ZZ....##.##
#.#....##.........#..#
#.#....#..........##.##
######.....##....####...#..#
...........#...###)$##$.##.#
######....)#..##..... #..#.#
##.###.....#..#...=.. #..#.#


You could see Borgoz's ghost, a white imp, a leopard gecko simulacrum and a
quokka simulacrum.

Vanquished Creatures
  Jessica (D:3)
  A killer bee zombie (D:3)
  3 adders
  A worker ant simulacrum (D:3)
  A worm (D:3)
  3 dart slugs (D:1)
  An adder simulacrum (D:3)
  A leopard gecko (D:3)
  2 orcs (D:3)
  2 giant cockroaches
  9 goblins
  5 hobgoblins
  A ball python (D:1)
  8 bats
  A frilled lizard (D:2)
  5 kobolds
  5 rats (D:1)
50 creatures vanquished.

Notes
Turn   | Place    | Note
-------+----------+-------------------------------------------
     0 | D:1      | Borgoz the Kobold Berserker began the quest for the Orb.
     0 | D:1      | Reached XP level 1. HP: 14/14 MP: 1/1
    51 | D:1      | Reached XP level 2. HP: 14/19 MP: 2/2
    76 | D:1      | Reached skill level 1 in Stealth
   528 | D:1      | Reached XP level 3. HP: 17/23 MP: 3/3
   807 | D:1      | Reached ** piety under Trog
  1301 | D:2      | Reached XP level 4. HP: 29/29 MP: 4/4
  1693 | D:3      | Found a runed gate.
  1700 | D:3      | Found a snail-covered altar of Cheibriados.
  1930 | D:3      | Found a runed gate.
  1930 | D:3      | Found a runed gate.
  1951 | D:3      | Found a white marble altar of Elyvilon.
  2176 | D:3      | Noticed Borgoz's ghost (amateur KoAs)
  2225 | D:3      | Reached XP level 5. HP: 27/33 MP: 5/5
  2253 | D:3      | Noticed Jessica
  2258 | D:3      | Killed Jessica
  2290 | D:3      | Found a glowing golden altar of the Shining One.
  2467 | D:3      | Killed from afar by a white imp

Vault maps used:
D:1:      tarquinn_simple_flora_water_e, minmay_octomino_e4
D:3:      nicolae_tso_swordbearing_angel, nicolae_overflow_crystal_walls,
          gammafunk_ghost_icy, elyvilon_altar_5, uniq_jessica

Skill      XL: |  1  2  3  4  5 |
---------------+----------------+-----
Stealth        | 1 2 |  2.8
Armour         | 2 |  2.3
Dodging        | 3 |  3.4
Fighting       | 4 |  4.1
Short Blades   | |  4.9

Action                   |  1- 3 |  4- 6 || total
-------------------------+-------+-------++-------
Melee: Short sword       |   107 |    53 ||   160
 Stab: Sleeping          |     2 |     8 ||    10
  Eat: Chunk             |     9 |     4 ||    13
Armor: Animal skin       |     7 |    10 ||    17
Dodge: Dodged            |    72 |    37 ||   109

Table legend:
 A = Non-vault XP
 B = Vault XP
 C = Vault XP percentage of total XP
 D = Non-vault monster count
 E = Vault monster count
 F = Vault count percentage of total count
                 A         B        C        D         E       F
            +---------+---------+-------+---------+---------+-------
      Total |     144 |      54 |  27.3 |      45 |       5 |  10.0
            +---------+---------+-------+---------+---------+-------
        D:1 |      42 |       5 |  10.6 |      23 |       2 |   8.0
        D:2 |      42 |       0 |   0.0 |      11 |       0 |   0.0
        D:3 |      60 |      49 |  45.0 |      11 |       3 |  21.4
            +---------+---------+-------+---------+---------+-------
